Nashville Predators vs Vancouver Canucks
Created - Wednesday, March 19, 2025 at 09:00
Goals
|
| Nashville Predators |
1 |
0 |
0 |
1 |
| Vancouver Canucks |
0 |
1 |
1 |
2 |
|
Shots
|
| Nashville Predators |
17 |
6 |
15 |
38 |
| Vancouver Canucks |
13 |
8 |
16 |
37 |
|
1st period
1. Nashville Predators , Colton Sissons 16 (Ryan Hartman 15, Travis Sanheim 11) at 3:15 (PP)
Penalties :
Anton Lundell (VAN) for Holding (Minor) at 2:39, Artem Zub (NSH) for Roughing (Minor) at 7:20
2nd period
2. Vancouver Canucks , Robby Fabbri 5 (Noah Hanifin 12) at 4:57
Penalties :
Anton Lundell (VAN) for Delaying the game (Minor) at 11:02
3rd period
3. Vancouver Canucks , Aku Raty 2 (Jacob Bernard-Docker 4, Chad Ruhwedel 3) at 18:09
Penalties :
Ryan Hartman (NSH) for Tripping (Minor) at 13:43, Brett Leason (VAN) for Holding (Minor) at 19:39
Goalie Stats
Thatcher Demko (NSH), 35 saves from 37 shots - (0.946), L, 15-12-2, 59:06 minutes
Joonas Korpisalo (VAN), 37 saves from 38 shots - (0.974), W, 8-10-3, 60:00 minutes
Players Stats for Nashville Predators
Player Name G A P +/- PIM S H SB GA TA FO MP PP MP PK MP
------------------------------------------------------------------------------------
Alex DeBrincat 0 0 0 0 0 5 1 0 0 0 1/1 19:16 0:41 0:35
Alexander Wennberg 0 0 0 -1 0 2 0 0 1 1 0/1 17:54 1:43 0:07
Artem Zub 0 0 0 0 2 0 4 2 0 0 0/0 22:51 1:00 1:13
Ben Chiarot 0 0 0 0 0 1 2 2 1 1 0/0 15:08 0:00 1:07
Brandon Montour 0 0 0 0 0 0 1 0 1 0 0/0 23:41 1:31 1:38
Colton Sissons 1 0 1 -1 0 4 0 1 0 0 2/4 19:45 1:43 1:47
Kailer Yamamoto 0 0 0 -1 0 2 0 0 0 0 0/0 7:25 0:31 0:00
Leo Carlsson 0 0 0 -1 0 2 1 0 0 0 0/0 9:30 0:31 1:28
Pius Suter 0 0 0 0 0 2 0 1 3 0 1/1 14:02 0:00 1:39
Rasmus Andersson 0 0 0 -2 0 2 0 1 1 0 0/0 21:03 1:24 1:38
Ryan Hartman 0 1 1 -1 2 5 1 1 0 0 9/16 19:19 1:43 1:05
Simon Benoit 0 0 0 0 0 2 1 1 0 1 0/0 14:18 0:00 0:00
Tage Thompson 0 0 0 0 0 2 1 0 1 3 9/21 17:56 0:41 0:00
Taylor Raddysh 0 0 0 0 0 1 0 0 0 0 0/0 12:09 0:00 0:00
Thomas Novak 0 0 0 0 0 2 1 0 0 0 2/7 12:09 0:00 0:00
Timo Meier 0 0 0 0 0 3 3 0 2 0 2/3 18:33 0:41 0:00
Travis Sanheim 0 1 1 -2 0 1 2 1 0 0 0/0 22:17 1:55 2:20
Trevor Zegras 0 0 0 -1 0 2 3 0 0 0 3/6 8:44 0:31 1:15
Players Stats for Vancouver Canucks
Player Name G A P +/- PIM S H SB GA TA FO MP PP MP PK MP
------------------------------------------------------------------------------------
Adam Boqvist 0 0 0 0 0 0 0 2 0 1 0/0 14:50 0:00 0:00
Aku Raty 1 0 1 1 0 2 0 2 0 0 0/0 11:42 0:00 0:00
Aleksander Barkov 0 0 0 0 0 2 1 0 2 0 9/16 19:26 2:06 1:30
Anton Lundell 0 0 0 1 4 2 3 0 0 0 7/11 13:54 1:52 0:00
Artturi Lehkonen 0 0 0 0 0 4 3 0 1 1 0/1 18:37 1:58 1:25
Brett Leason 0 0 0 1 2 0 0 0 0 0 0/2 9:18 0:00 1:20
Casey Mittelstadt 0 0 0 0 0 1 1 0 0 0 12/23 20:46 2:00 0:00
Chad Ruhwedel 0 1 1 1 0 1 0 2 0 1 0/0 16:16 0:00 1:22
Clayton Keller 0 0 0 0 0 8 2 1 0 0 0/2 20:41 1:58 0:00
Connor Zary 0 0 0 1 0 3 0 1 2 0 0/0 14:07 2:00 0:00
Jacob Bernard-Docker 0 1 1 1 0 0 0 2 0 1 0/0 14:07 0:00 0:00
Matias Maccelli 0 0 0 0 0 2 1 1 0 0 1/1 14:58 0:00 0:00
Mikko Rantanen 0 0 0 0 0 3 2 0 0 1 2/4 20:35 1:58 0:10
Miro Heiskanen 0 0 0 1 0 0 4 2 0 1 0/0 26:55 2:06 2:00
Noah Hanifin 0 1 1 1 0 4 1 2 1 2 0/0 25:43 1:52 1:33
Robby Fabbri 1 0 1 1 0 5 0 0 0 1 0/0 9:37 2:00 0:00
Ryan McDonagh 0 0 0 0 0 0 0 0 0 1 0/0 16:28 0:00 0:55
Ty Dellandrea 0 0 0 1 0 0 1 2 0 0 0/0 9:02 0:00 1:25
3 Stars
1 - Joonas Korpisalo (VAN)
2 - Thatcher Demko (NSH)
3 - Aku Raty (VAN)
Power Play
Nashville Predators - 1 on 3 Attempt(s) - 33.33%
Vancouver Canucks - 0 on 2 Attempt(s) - 0.00%
Penalty Kill
Nashville Predators - 2 on 2 Attempt(s) - 100.00%
- Score 0 goal in Penalty Kill
Vancouver Canucks - 2 on 3 Attempt(s) - 66.67%
- Score 0 goal in Penalty Kill
Team Stat
Nashville Predators - Hits : 21 - Faceoff Wins : 29 - Blocked Shots : 10 - Penalty Minutes : 4
Vancouver Canucks - Hits : 19 - Faceoff Wins : 31 - Blocked Shots : 17 - Penalty Minutes : 6
Official
Referees : Jordan Samuels and Brandon Blandina
Linesman : Scott Cherrey and Devin Berg
Game Notes
No Game Note
Finance
Level 1 -- Attendance: 4537 (75.62%) -- Ticket Income $449,163
Level 2 -- Attendance: 3693 (73.86%) -- Ticket Income $217,887
Level 3 -- Attendance: 2470 (82.33%) -- Ticket Income $83,980
Level 4 -- Attendance: 4019 (80.38%) -- Ticket Income $96,456
Luxury Box -- Attendance: 809 (80.90%) -- Ticket Income $160,991
Game was played at the Rogers Arena.
Total Attendance: 15528 (77.64%)
Total Ticket Income: $1,008,477
Other Income: $352,967
Total Income: $1,361,444
Nashville Predators
5 vs 5 Forward
Center Left Wing Right Wing Time % Phy DF OF
1 Tage Thompson Timo Meier Alex DeBrincat 37 0 2 3
2 Ryan Hartman Alexander Wennberg Colton Sissons 33 0 2 3
3 Thomas Novak Pius Suter Taylor Raddysh 25 0 2 3
4 Trevor Zegras Kailer Yamamoto Leo Carlsson 5 0 2 3
5 vs 5 Defense
Defense Defense Time % Phy DF OF
1 Artem Zub Brandon Montour 40 1 2 2
2 Rasmus Andersson Travis Sanheim 36 1 4 0
3 Ben Chiarot Simon Benoit 24 0 5 0
4 Artem Zub Ben Chiarot 0 1 3 1
PowerPlay Forward
Center Left Wing Right Wing Time % Phy DF OF
1 Tage Thompson Timo Meier Alex DeBrincat 50 1 1 3
2 Colton Sissons Alexander Wennberg Ryan Hartman 50 1 1 3
PowerPlay Defense
Defense Defense Time % Phy DF OF
1 Brandon Montour Travis Sanheim 50 1 1 3
2 Artem Zub Rasmus Andersson 50 2 2 1
Penalty Kill 4 Players Forward
Center Wing Time % Phy DF OF
1 Colton Sissons Ryan Hartman 65 1 2 2
2 Leo Carlsson Alexander Wennberg 35 1 2 2
Penalty Kill 4 Players Defense
Defense Defense Time % Phy DF OF
1 Artem Zub Travis Sanheim 60 2 3 0
2 Brandon Montour Rasmus Andersson 40 1 3 1
Penalty Kill - 3 Players Forward
Forward Time % Phy DF OF
1 Colton Sissons 50 1 2 2
2 Ryan Hartman 50 1 2 2
Penalty Kill - 3 Players Defense
Defense Defense Time % Phy DF OF
1 Artem Zub Travis Sanheim 50 1 2 2
2 Brandon Montour Rasmus Andersson 50 1 2 2
4 vs 4 Forward
Center Wing Time % Phy DF OF
1 Colton Sissons Leo Carlsson 50 1 2 2
2 Alexander Wennberg Ryan Hartman 50 1 2 2
4 vs 4 Defense
Defense Defense Time % Phy DF OF
1 Brandon Montour Travis Sanheim 60 2 2 1
2 Rasmus Andersson Artem Zub 40 2 2 1
Last Minutes Offensive
Center Left Wing Right Wing Defense Defense
Colton Sissons Alex DeBrincat Timo Meier Ryan Hartman Brandon Montour
Last Minutes Defensive
Center Left Wing Right Wing Defense Defense
Alexander Wennberg Trevor Zegras Colton Sissons Artem Zub Travis Sanheim
Goaltenders
Starting : Thatcher Demko
Backup : Anthony Stolarz
Extra Forwards
Normal : Leo Carlsson, Colton Sissons, Pius Suter - PP : Colton Sissons, Thomas Novak - PK : Leo Carlsson
Extra Defensemen
Normal : Rasmus Andersson, Brandon Montour, Travis Sanheim - PP : Rasmus Andersson - PK : Ben Chiarot, Artem Zub
Penalty Shots
Alex DeBrincat, Ryan Hartman, Thomas Novak, Timo Meier, Leo Carlsson
Scratches
Christian Dvorak (Healthy), Jayden Struble (Healthy), Victor Olofsson (Healthy), Mads Sogaard (Healthy), Samuel Ersson (Healthy)
Vancouver Canucks
5 vs 5 Forward
Center Left Wing Right Wing Time % Phy DF OF
1 Casey Mittelstadt Clayton Keller Mikko Rantanen 40 1 1 3
2 Aleksander Barkov Matias Maccelli Artturi Lehkonen 30 1 2 2
3 Anton Lundell Connor Zary Aku Raty 20 1 2 2
4 Brett Leason Robby Fabbri Ty Dellandrea 10 1 3 1
5 vs 5 Defense
Defense Defense Time % Phy DF OF
1 Noah Hanifin Miro Heiskanen 30 1 2 2
2 Ryan McDonagh Adam Boqvist 30 1 2 2
3 Chad Ruhwedel Jacob Bernard-Docker 25 1 2 2
4 Noah Hanifin Miro Heiskanen 15 1 2 2
PowerPlay Forward
Center Left Wing Right Wing Time % Phy DF OF
1 Mikko Rantanen Clayton Keller Artturi Lehkonen 50 0 1 4
2 Casey Mittelstadt Connor Zary Robby Fabbri 50 0 1 4
PowerPlay Defense
Defense Defense Time % Phy DF OF
1 Aleksander Barkov Miro Heiskanen 50 0 1 4
2 Noah Hanifin Anton Lundell 50 0 1 4
Penalty Kill 4 Players Forward
Center Wing Time % Phy DF OF
1 Aleksander Barkov Brett Leason 50 1 2 2
2 Artturi Lehkonen Ty Dellandrea 50 1 2 2
Penalty Kill 4 Players Defense
Defense Defense Time % Phy DF OF
1 Ryan McDonagh Noah Hanifin 50 1 2 2
2 Miro Heiskanen Chad Ruhwedel 50 1 2 2
Penalty Kill - 3 Players Forward
Forward Time % Phy DF OF
1 Brett Leason 50 1 2 2
2 Aleksander Barkov 50 1 2 2
Penalty Kill - 3 Players Defense
Defense Defense Time % Phy DF OF
1 Ryan McDonagh Noah Hanifin 50 1 2 2
2 Miro Heiskanen Chad Ruhwedel 50 1 2 2
4 vs 4 Forward
Center Wing Time % Phy DF OF
1 Mikko Rantanen Clayton Keller 50 1 2 2
2 Casey Mittelstadt Matias Maccelli 50 1 2 2
4 vs 4 Defense
Defense Defense Time % Phy DF OF
1 Noah Hanifin Miro Heiskanen 50 1 2 2
2 Ryan McDonagh Adam Boqvist 50 1 2 2
Last Minutes Offensive
Center Left Wing Right Wing Defense Defense
Aleksander Barkov Clayton Keller Mikko Rantanen Ryan McDonagh Miro Heiskanen
Last Minutes Defensive
Center Left Wing Right Wing Defense Defense
Aleksander Barkov Artturi Lehkonen Brett Leason Noah Hanifin Miro Heiskanen
Goaltenders
Starting : Joonas Korpisalo
Backup : Ville Husso
Extra Forwards
Normal : Aleksander Barkov, Mikko Rantanen, Clayton Keller - PP : Clayton Keller, Casey Mittelstadt - PK : Mikko Rantanen
Extra Defensemen
Normal : Noah Hanifin, Miro Heiskanen, Ryan McDonagh - PP : Noah Hanifin - PK : Noah Hanifin, Miro Heiskanen
Penalty Shots
Aleksander Barkov, Mikko Rantanen, Clayton Keller, Brett Leason, Miro Heiskanen
Scratches
Jesperi Kotkaniemi (Healthy), Emil Martinsen Lilleberg (Healthy), Jacob Bryson (Healthy), Justus Annunen (Healthy)
% Time on Ice - Nashville Predators
Lines # - Real PCT - Wanted PCT - Time Play
Normal Forward
1 - 33% - 37% - 17:20
2 - 31% - 33% - 16:04
3 - 23% - 25% - 12:09
4 - 13% - 5% - 6:54
Normal Defense
1 - 38% - 40% - 19:59
2 - 35% - 36% - 18:10
3 - 27% - 24% - 14:18
4 - 0% - 0% - 0:00
PP Forward
1 - 30% - 50% - 0:53
2 - 70% - 50% - 2:02
PP Defense
1 - 52% - 50% - 1:31
2 - 48% - 50% - 1:24
PK Forward
1 - 97% - 65% - 3:51
2 - 3% - 35% - 0:07
PK Defense
1 - 59% - 60% - 2:20
2 - 41% - 40% - 1:38
PK3 Forward
1 - 0% - 50%
2 - 0% - 50%
PK3 Defense
1 - 0% - 50%
2 - 0% - 50%
44 Forward
1 - 0% - 50%
2 - 0% - 50%
44 Defense
1 - 0% - 60%
2 - 0% - 40%
Last Minute Offensive - 0:40
Last Minute Defensive - 0:00
Total
Forward - 60:00
Defense - 60:00
|
% Time on Ice - Vancouver Canucks
Lines # - Real PCT - Wanted PCT - Time Play
Normal Forward
1 - 34% - 40% - 17:59
2 - 29% - 30% - 15:22
3 - 22% - 20% - 11:43
4 - 14% - 10% - 7:20
Normal Defense
1 - 30% - 30% - 15:33
2 - 30% - 30% - 15:32
3 - 27% - 25% - 14:07
4 - 14% - 15% - 7:12
PP Forward
1 - 50% - 50% - 1:58
2 - 50% - 50% - 2:00
PP Defense
1 - 53% - 50% - 2:06
2 - 47% - 50% - 1:52
PK Forward
1 - 51% - 50% - 1:30
2 - 49% - 50% - 1:25
PK Defense
1 - 53% - 50% - 1:33
2 - 47% - 50% - 1:22
PK3 Forward
1 - 0% - 50%
2 - 0% - 50%
PK3 Defense
1 - 0% - 50%
2 - 0% - 50%
44 Forward
1 - 0% - 50%
2 - 0% - 50%
44 Defense
1 - 0% - 50%
2 - 0% - 50%
Last Minute Offensive - 0:00
Last Minute Defensive - 0:43
Total
Forward - 60:00
Defense - 60:00
|
Play-by-Play
1st period
0:01 of 1st period - Tage Thompson wins face-off versus Casey Mittelstadt in neutral zone.
0:04 of 1st period - Miro Heiskanen is hit by Alex DeBrincat and loses puck.
0:11 of 1st period - Snap shot by Timo Meier.
0:11 of 1st period - Shot Misses the Net.
0:17 of 1st period - Brandon Montour is hit by Miro Heiskanen and loses puck.
0:30 of 1st period - Snap shot by Ryan Hartman.
0:30 of 1st period - Stopped by Joonas Korpisalo with a rebound.
1:37 of 1st period - Wrist shot by Alexander Wennberg.
1:37 of 1st period - Stopped by Joonas Korpisalo without a rebound.
1:38 of 1st period - Tage Thompson wins face-off versus Aleksander Barkov in Vancouver Canucks zone.
1:55 of 1st period - Wrist shot by Aleksander Barkov.
1:55 of 1st period - Stopped by Thatcher Demko with a rebound.
2:17 of 1st period - Slapshot by Pius Suter.
2:17 of 1st period - Stopped by Joonas Korpisalo without a rebound.
2:18 of 1st period - Anton Lundell wins face-off versus Ryan Hartman in Vancouver Canucks zone.
2:39 of 1st period - Minor Penalty to Anton Lundell for Holding.
2:40 of 1st period - Aleksander Barkov wins face-off versus Tage Thompson in Vancouver Canucks zone.
2:40 of 1st period - Aleksander Barkov is hit by Timo Meier.
3:15 of 1st period - Snap shot by Colton Sissons.
3:15 of 1st period - Goal by Colton Sissons - Nashville Predators : 1 - Vancouver Canucks : 0.
3:16 of 1st period - Casey Mittelstadt wins face-off versus Tage Thompson in neutral zone.
3:23 of 1st period - Backhand shot by Mikko Rantanen.
3:23 of 1st period - Shot Blocked by Travis Sanheim.
3:27 of 1st period - Wrist shot by Mikko Rantanen.
3:27 of 1st period - Stopped by Thatcher Demko without a rebound.
3:28 of 1st period - Ryan Hartman wins face-off versus Aleksander Barkov in Nashville Predators zone.
3:39 of 1st period - Snap shot by Colton Sissons.
3:39 of 1st period - Shot Misses the Net.
3:55 of 1st period - Noah Hanifin is hit by Travis Sanheim and loses puck.
4:07 of 1st period - Backhand shot by Mikko Rantanen.
4:07 of 1st period - Stopped by Thatcher Demko with a rebound.
4:09 of 1st period - Snap shot by Casey Mittelstadt.
4:09 of 1st period - Stopped by Thatcher Demko without a rebound.
4:10 of 1st period - Anton Lundell wins face-off versus Tage Thompson in Nashville Predators zone.
4:22 of 1st period - Off-side.
4:23 of 1st period - Tage Thompson wins face-off versus Clayton Keller in neutral zone.
4:39 of 1st period - Snap shot by Timo Meier.
4:39 of 1st period - Shot Misses the Net.
5:08 of 1st period - Wrist shot by Robby Fabbri.
5:08 of 1st period - Shot Blocked by Pius Suter.
5:14 of 1st period - Robby Fabbri is hit by Ben Chiarot and loses puck.
5:27 of 1st period - Wrist shot by Robby Fabbri.
5:27 of 1st period - Stopped by Thatcher Demko with a rebound.
5:35 of 1st period - Connor Zary is hit by Trevor Zegras and loses puck.
6:12 of 1st period - Wrist shot by Alex DeBrincat.
6:12 of 1st period - Shot Blocked by Chad Ruhwedel.
6:14 of 1st period - Snap shot by Travis Sanheim.
6:14 of 1st period - Shot Hit the Post.
6:16 of 1st period - Snap shot by Alex DeBrincat.
6:16 of 1st period - Stopped by Joonas Korpisalo with a rebound.
6:34 of 1st period - Slapshot by Leo Carlsson.
6:34 of 1st period - Stopped by Joonas Korpisalo with a rebound.
6:36 of 1st period - Wrist shot by Trevor Zegras.
6:36 of 1st period - Stopped by Joonas Korpisalo without a rebound.
6:37 of 1st period - Trevor Zegras wins face-off versus Brett Leason in Vancouver Canucks zone.
6:38 of 1st period - Wrist shot by Kailer Yamamoto.
6:38 of 1st period - Shot Misses the Net.
6:56 of 1st period - Slapshot by Leo Carlsson.
6:56 of 1st period - Shot Hit the Post.
6:58 of 1st period - Snap shot by Brandon Montour.
6:58 of 1st period - Shot Misses the Net.
7:00 of 1st period - Slapshot by Kailer Yamamoto.
7:00 of 1st period - Stopped by Joonas Korpisalo without a rebound.
7:01 of 1st period - Casey Mittelstadt wins face-off versus Tage Thompson in Vancouver Canucks zone.
7:15 of 1st period - Snap shot by Clayton Keller.
7:15 of 1st period - Stopped by Thatcher Demko without a rebound.
7:16 of 1st period - Aleksander Barkov wins face-off versus Thomas Novak in Nashville Predators zone.
7:20 of 1st period - Minor Penalty to Artem Zub for Roughing.
7:21 of 1st period - Colton Sissons wins face-off versus Artturi Lehkonen in Nashville Predators zone.
8:38 of 1st period - Icing by Artturi Lehkonen.
8:39 of 1st period - Pius Suter wins face-off versus Mikko Rantanen in Vancouver Canucks zone.
9:06 of 1st period - Brandon Montour is hit by Miro Heiskanen and loses puck.
9:20 of 1st period - Penalty to Artem Zub is over, Artem Zub is back on ice.
9:21 of 1st period - Snap shot by Leo Carlsson.
9:21 of 1st period - Stopped by Joonas Korpisalo with a rebound.
9:39 of 1st period - Wrist shot by Alexander Wennberg.
9:39 of 1st period - Shot Misses the Net.
9:41 of 1st period - Wrist shot by Alexander Wennberg.
9:41 of 1st period - Deflect By Artem Zub.
9:41 of 1st period - Shot Misses the Net.
9:41 of 1st period - Puck is out of play.
9:42 of 1st period - Anton Lundell wins face-off versus Tage Thompson in Vancouver Canucks zone.
9:49 of 1st period - Snap shot by Alex DeBrincat.
9:49 of 1st period - Stopped by Joonas Korpisalo with a rebound.
10:16 of 1st period - Brett Leason is hit by Tage Thompson and loses puck.
10:25 of 1st period - Snap shot by Alex DeBrincat.
10:25 of 1st period - Shot Blocked by Jacob Bernard-Docker.
10:49 of 1st period - Ty Dellandrea is hit by Timo Meier and loses puck.
10:54 of 1st period - Snap shot by Alex DeBrincat.
10:54 of 1st period - Stopped by Joonas Korpisalo with a rebound.
11:22 of 1st period - Wrist shot by Tage Thompson.
11:22 of 1st period - Stopped by Joonas Korpisalo with a rebound.
11:24 of 1st period - Snap shot by Timo Meier.
11:24 of 1st period - Shot Blocked by Ty Dellandrea.
11:26 of 1st period - Snap shot by Timo Meier.
11:26 of 1st period - Stopped by Joonas Korpisalo with a rebound.
11:28 of 1st period - Wrist shot by Timo Meier.
11:28 of 1st period - Stopped by Joonas Korpisalo with a rebound.
11:30 of 1st period - Slapshot by Tage Thompson.
11:30 of 1st period - Stopped by Joonas Korpisalo without a rebound.
11:31 of 1st period - Casey Mittelstadt wins face-off versus Ryan Hartman in Vancouver Canucks zone.
12:14 of 1st period - Travis Sanheim is hit by Artturi Lehkonen and loses puck.
13:00 of 1st period - Snap shot by Aleksander Barkov.
13:00 of 1st period - Shot Misses the Net.
13:10 of 1st period - Ryan Hartman is hit by Noah Hanifin and loses puck.
13:33 of 1st period - Brandon Montour is hit by Artturi Lehkonen and loses puck.
13:40 of 1st period - Pius Suter is hit by Aleksander Barkov and loses puck.
13:51 of 1st period - Clayton Keller is hit by Trevor Zegras and loses puck.
13:56 of 1st period - Snap shot by Trevor Zegras.
13:56 of 1st period - Stopped by Joonas Korpisalo without a rebound.
13:57 of 1st period - Anton Lundell wins face-off versus Ryan Hartman in Vancouver Canucks zone.
14:03 of 1st period - Icing by Simon Benoit.
14:04 of 1st period - Ryan Hartman wins face-off versus Anton Lundell in Nashville Predators zone.
14:27 of 1st period - Icing by Simon Benoit.
14:28 of 1st period - Ryan Hartman wins face-off versus Casey Mittelstadt in Nashville Predators zone.
14:28 of 1st period - Ryan Hartman is hit by Miro Heiskanen.
15:35 of 1st period - Icing by Rasmus Andersson.
15:36 of 1st period - Thomas Novak wins face-off versus Brett Leason in Nashville Predators zone.
16:33 of 1st period - Snap shot by Artturi Lehkonen.
16:33 of 1st period - Shot Misses the Net.
17:38 of 1st period - Aleksander Barkov is hit by Artem Zub and loses puck.
18:33 of 1st period - Snap shot by Leo Carlsson.
18:33 of 1st period - Shot Misses the Net.
18:35 of 1st period - Slapshot by Simon Benoit.
18:35 of 1st period - Stopped by Joonas Korpisalo without a rebound.
18:36 of 1st period - Casey Mittelstadt wins face-off versus Tage Thompson in Vancouver Canucks zone.
18:47 of 1st period - Snap shot by Mikko Rantanen.
18:47 of 1st period - Stopped by Thatcher Demko without a rebound.
18:48 of 1st period - Alex DeBrincat wins face-off versus Casey Mittelstadt in Nashville Predators zone.
18:55 of 1st period - Backhand shot by Mikko Rantanen.
18:55 of 1st period - Deflect By Clayton Keller.
18:55 of 1st period - Stopped by Thatcher Demko with a rebound.
18:57 of 1st period - Wrist shot by Mikko Rantanen.
18:57 of 1st period - Shot Misses the Net.
18:59 of 1st period - Wrist shot by Noah Hanifin.
18:59 of 1st period - Shot Misses the Net.
19:01 of 1st period - Slapshot by Miro Heiskanen.
19:01 of 1st period - Shot Misses the Net.
19:03 of 1st period - Slapshot by Miro Heiskanen.
19:03 of 1st period - Deflect By Clayton Keller.
19:03 of 1st period - Stopped by Thatcher Demko without a rebound.
19:04 of 1st period - Matias Maccelli wins face-off versus Ryan Hartman in Nashville Predators zone.
19:07 of 1st period - Slapshot by Matias Maccelli.
19:07 of 1st period - Deflect By Artturi Lehkonen.
19:07 of 1st period - Stopped by Thatcher Demko without a rebound.
19:08 of 1st period - Aleksander Barkov wins face-off versus Ryan Hartman in Nashville Predators zone.
19:09 of 1st period - Wrist shot by Matias Maccelli.
19:09 of 1st period - Stopped by Thatcher Demko with a rebound.
19:23 of 1st period - Wrist shot by Aleksander Barkov.
19:23 of 1st period - Stopped by Thatcher Demko with a rebound.
19:25 of 1st period - Slapshot by Noah Hanifin.
19:25 of 1st period - Deflect By Brandon Montour.
19:25 of 1st period - Stopped by Thatcher Demko with a rebound.
19:39 of 1st period - Wrist shot by Timo Meier.
19:39 of 1st period - Shot Misses the Net.
Goals for this period are 1 for Nashville Predators vs 0 for Vancouver Canucks.
Shots for this period are 17 for Nashville Predators vs 13 for Vancouver Canucks.
2nd period
0:01 of 2nd period - Timo Meier wins face-off versus Casey Mittelstadt in neutral zone.
0:14 of 2nd period - Slapshot by Mikko Rantanen.
0:14 of 2nd period - Shot Misses the Net.
0:16 of 2nd period - Slapshot by Clayton Keller.
0:16 of 2nd period - Stopped by Thatcher Demko with a rebound.
0:26 of 2nd period - Timo Meier is hit by Anton Lundell and loses puck.
0:39 of 2nd period - Snap shot by Anton Lundell.
0:39 of 2nd period - Stopped by Thatcher Demko without a rebound.
0:40 of 2nd period - Ryan Hartman wins face-off versus Casey Mittelstadt in Nashville Predators zone.
1:25 of 2nd period - Icing by Adam Boqvist.
1:26 of 2nd period - Anton Lundell wins face-off versus Trevor Zegras in Vancouver Canucks zone.
1:39 of 2nd period - Slapshot by Anton Lundell.
1:39 of 2nd period - Stopped by Thatcher Demko with a rebound.
2:26 of 2nd period - Slapshot by Robby Fabbri.
2:26 of 2nd period - Stopped by Thatcher Demko without a rebound.
2:27 of 2nd period - Casey Mittelstadt wins face-off versus Tage Thompson in Nashville Predators zone.
2:42 of 2nd period - Slapshot by Tage Thompson.
2:42 of 2nd period - Shot Misses the Net.
2:54 of 2nd period - Taylor Raddysh is hit by Matias Maccelli and loses puck.
3:15 of 2nd period - Off-side.
3:16 of 2nd period - Trevor Zegras wins face-off versus Anton Lundell in neutral zone.
3:23 of 2nd period - Anton Lundell is hit by Leo Carlsson and loses puck.
4:57 of 2nd period - Wrist shot by Robby Fabbri.
4:57 of 2nd period - Goal by Robby Fabbri - Nashville Predators : 1 - Vancouver Canucks : 1.
4:58 of 2nd period - Tage Thompson wins face-off versus Casey Mittelstadt in neutral zone.
5:01 of 2nd period - Slapshot by Brandon Montour.
5:01 of 2nd period - Shot Blocked by Miro Heiskanen.
5:08 of 2nd period - Off-side.
5:09 of 2nd period - Tage Thompson wins face-off versus Casey Mittelstadt in neutral zone.
5:23 of 2nd period - Alex DeBrincat is hit by Mikko Rantanen.
5:32 of 2nd period - Mikko Rantanen is hit by Artem Zub and loses puck.
5:49 of 2nd period - Backhand shot by Brandon Montour.
5:49 of 2nd period - Shot Blocked by Miro Heiskanen.
5:57 of 2nd period - Alex DeBrincat is hit by Clayton Keller and loses puck.
6:24 of 2nd period - Snap shot by Alex DeBrincat.
6:24 of 2nd period - Shot Blocked by Noah Hanifin.
7:58 of 2nd period - Alex DeBrincat is hit by Clayton Keller.
8:17 of 2nd period - Icing by Brandon Montour.
8:18 of 2nd period - Timo Meier wins face-off versus Aleksander Barkov in Nashville Predators zone.
8:50 of 2nd period - Snap shot by Connor Zary.
8:50 of 2nd period - Stopped by Thatcher Demko without a rebound.
8:51 of 2nd period - Ryan Hartman wins face-off versus Aleksander Barkov in Nashville Predators zone.
9:12 of 2nd period - Wrist shot by Colton Sissons.
9:12 of 2nd period - Deflect By Alexander Wennberg.
9:12 of 2nd period - Shot Blocked by Jacob Bernard-Docker.
9:12 of 2nd period - Puck is out of play.
9:13 of 2nd period - Thomas Novak wins face-off versus Anton Lundell in Vancouver Canucks zone.
9:18 of 2nd period - Wrist shot by Thomas Novak.
9:18 of 2nd period - Shot Blocked by Aku Raty.
9:20 of 2nd period - Snap shot by Pius Suter.
9:20 of 2nd period - Shot Blocked by Adam Boqvist.
9:22 of 2nd period - Slapshot by Ben Chiarot.
9:22 of 2nd period - Stopped by Joonas Korpisalo without a rebound.
9:23 of 2nd period - Anton Lundell wins face-off versus Thomas Novak in Vancouver Canucks zone.
9:40 of 2nd period - Ryan McDonagh is hit by Thomas Novak and loses puck.
9:53 of 2nd period - Wrist shot by Anton Lundell.
9:53 of 2nd period - Shot Blocked by Simon Benoit.
10:07 of 2nd period - Adam Boqvist is hit by Simon Benoit and loses puck.
10:12 of 2nd period - Wrist shot by Thomas Novak.
10:12 of 2nd period - Shot Blocked by Aku Raty.
10:14 of 2nd period - Snap shot by Thomas Novak.
10:14 of 2nd period - Shot Blocked by Adam Boqvist.
10:16 of 2nd period - Snap shot by Simon Benoit.
10:16 of 2nd period - Deflect By Anton Lundell.
10:16 of 2nd period - Stopped by Joonas Korpisalo with a rebound.
10:18 of 2nd period - Snap shot by Thomas Novak.
10:18 of 2nd period - Shot Misses the Net.
10:20 of 2nd period - Slapshot by Pius Suter.
10:20 of 2nd period - Stopped by Joonas Korpisalo with a rebound.
10:22 of 2nd period - Snap shot by Thomas Novak.
10:22 of 2nd period - Shot Blocked by Connor Zary.
11:02 of 2nd period - Minor Penalty to Anton Lundell for Delaying the game.
11:03 of 2nd period - Colton Sissons wins face-off versus Aleksander Barkov in Vancouver Canucks zone.
11:15 of 2nd period - Snap shot by Ryan Hartman.
11:15 of 2nd period - Stopped by Joonas Korpisalo with a rebound.
11:53 of 2nd period - Miro Heiskanen is hit by Artem Zub and loses puck.
11:58 of 2nd period - Wrist shot by Trevor Zegras.
11:58 of 2nd period - Shot Misses the Net.
12:21 of 2nd period - Icing by Travis Sanheim.
12:22 of 2nd period - Aleksander Barkov wins face-off versus Trevor Zegras in Nashville Predators zone.
13:02 of 2nd period - Penalty to Anton Lundell is over, Anton Lundell is back on ice.
13:05 of 2nd period - Icing by Rasmus Andersson.
13:06 of 2nd period - Trevor Zegras wins face-off versus Casey Mittelstadt in Nashville Predators zone.
13:13 of 2nd period - Wrist shot by Clayton Keller.
13:13 of 2nd period - Deflect By Mikko Rantanen.
13:13 of 2nd period - Shot Misses the Net.
13:13 of 2nd period - Puck is out of play.
13:14 of 2nd period - Ryan Hartman wins face-off versus Aleksander Barkov in Nashville Predators zone.
13:21 of 2nd period - Snap shot by Colton Sissons.
13:21 of 2nd period - Stopped by Joonas Korpisalo without a rebound.
13:22 of 2nd period - Ryan Hartman wins face-off versus Aleksander Barkov in Vancouver Canucks zone.
13:23 of 2nd period - Snap shot by Colton Sissons.
13:23 of 2nd period - Shot Misses the Net.
14:41 of 2nd period - Snap shot by Alexander Wennberg.
14:41 of 2nd period - Stopped by Joonas Korpisalo with a rebound.
14:43 of 2nd period - Slapshot by Ben Chiarot.
14:43 of 2nd period - Shot Blocked by Noah Hanifin.
15:13 of 2nd period - Snap shot by Alexander Wennberg.
15:13 of 2nd period - Shot Misses the Net.
16:26 of 2nd period - Snap shot by Artturi Lehkonen.
16:26 of 2nd period - Stopped by Thatcher Demko without a rebound.
16:27 of 2nd period - Casey Mittelstadt wins face-off versus Thomas Novak in Nashville Predators zone.
16:28 of 2nd period - Snap shot by Mikko Rantanen.
16:28 of 2nd period - Shot Misses the Net.
18:06 of 2nd period - Wrist shot by Robby Fabbri.
18:06 of 2nd period - Stopped by Thatcher Demko with a rebound.
18:53 of 2nd period - Adam Boqvist is hit by Trevor Zegras and loses puck.
19:04 of 2nd period - Timo Meier is hit by Ty Dellandrea and loses puck.
19:23 of 2nd period - Rasmus Andersson is hit by Anton Lundell and loses puck.
Goals for this period are 0 for Nashville Predators vs 1 for Vancouver Canucks.
Shots for this period are 6 for Nashville Predators vs 8 for Vancouver Canucks.
3rd period
0:01 of 3rd period - Ryan Hartman wins face-off versus Casey Mittelstadt in neutral zone.
0:08 of 3rd period - Casey Mittelstadt is hit by Ryan Hartman and loses puck.
0:27 of 3rd period - Noah Hanifin is hit by Travis Sanheim.
0:33 of 3rd period - Wrist shot by Matias Maccelli.
0:33 of 3rd period - Shot Misses the Net.
0:35 of 3rd period - Wrist shot by Matias Maccelli.
0:35 of 3rd period - Stopped by Thatcher Demko with a rebound.
0:37 of 3rd period - Slapshot by Chad Ruhwedel.
0:37 of 3rd period - Stopped by Thatcher Demko without a rebound.
0:38 of 3rd period - Aleksander Barkov wins face-off versus Timo Meier in Nashville Predators zone.
1:29 of 3rd period - Wrist shot by Pius Suter.
1:29 of 3rd period - Shot Misses the Net.
1:53 of 3rd period - Backhand shot by Rasmus Andersson.
1:53 of 3rd period - Stopped by Joonas Korpisalo without a rebound.
1:54 of 3rd period - Tage Thompson wins face-off versus Casey Mittelstadt in Vancouver Canucks zone.
2:42 of 3rd period - Snap shot by Colton Sissons.
2:42 of 3rd period - Stopped by Joonas Korpisalo with a rebound.
3:25 of 3rd period - Snap shot by Timo Meier.
3:25 of 3rd period - Stopped by Joonas Korpisalo with a rebound.
3:55 of 3rd period - Wrist shot by Alexander Wennberg.
3:55 of 3rd period - Deflect By Ryan Hartman.
3:55 of 3rd period - Stopped by Joonas Korpisalo with a rebound.
3:57 of 3rd period - Backhand shot by Travis Sanheim.
3:57 of 3rd period - Stopped by Joonas Korpisalo with a rebound.
4:43 of 3rd period - Wrist shot by Pius Suter.
4:43 of 3rd period - Shot Blocked by Matias Maccelli.
4:56 of 3rd period - Off-side.
4:57 of 3rd period - Ryan Hartman wins face-off versus Anton Lundell in neutral zone.
5:00 of 3rd period - Aku Raty is hit by Ben Chiarot and loses puck.
5:09 of 3rd period - Backhand shot by Connor Zary.
5:09 of 3rd period - Stopped by Thatcher Demko without a rebound.
5:10 of 3rd period - Tage Thompson wins face-off versus Casey Mittelstadt in Nashville Predators zone.
5:16 of 3rd period - Off-side.
5:17 of 3rd period - Tage Thompson wins face-off versus Clayton Keller in neutral zone.
5:22 of 3rd period - Snap shot by Mikko Rantanen.
5:22 of 3rd period - Shot Misses the Net.
5:24 of 3rd period - Snap shot by Clayton Keller.
5:24 of 3rd period - Stopped by Thatcher Demko without a rebound.
5:25 of 3rd period - Casey Mittelstadt wins face-off versus Tage Thompson in Nashville Predators zone.
5:36 of 3rd period - Snap shot by Clayton Keller.
5:36 of 3rd period - Shot Misses the Net.
5:38 of 3rd period - Wrist shot by Miro Heiskanen.
5:38 of 3rd period - Shot Misses the Net.
5:40 of 3rd period - Snap shot by Clayton Keller.
5:40 of 3rd period - Shot Blocked by Rasmus Andersson.
5:42 of 3rd period - Slapshot by Miro Heiskanen.
5:42 of 3rd period - Shot Misses the Net.
6:35 of 3rd period - Snap shot by Artturi Lehkonen.
6:35 of 3rd period - Shot Misses the Net.
6:37 of 3rd period - Snap shot by Noah Hanifin.
6:37 of 3rd period - Deflect By Brandon Montour.
6:37 of 3rd period - Stopped by Thatcher Demko with a rebound.
6:39 of 3rd period - Snap shot by Artturi Lehkonen.
6:39 of 3rd period - Stopped by Thatcher Demko without a rebound.
6:40 of 3rd period - Casey Mittelstadt wins face-off versus Thomas Novak in Nashville Predators zone.
6:45 of 3rd period - Snap shot by Clayton Keller.
6:45 of 3rd period - Stopped by Thatcher Demko without a rebound.
6:46 of 3rd period - Tage Thompson wins face-off versus Mikko Rantanen in Nashville Predators zone.
8:19 of 3rd period - Taylor Raddysh is hit by Casey Mittelstadt and loses puck.
8:40 of 3rd period - Snap shot by Ryan Hartman.
8:40 of 3rd period - Stopped by Joonas Korpisalo with a rebound.
8:48 of 3rd period - Snap shot by Clayton Keller.
8:48 of 3rd period - Stopped by Thatcher Demko without a rebound.
8:49 of 3rd period - Aleksander Barkov wins face-off versus Tage Thompson in Nashville Predators zone.
8:50 of 3rd period - Wrist shot by Artturi Lehkonen.
8:50 of 3rd period - Stopped by Thatcher Demko with a rebound.
9:53 of 3rd period - Slapshot by Rasmus Andersson.
9:53 of 3rd period - Stopped by Joonas Korpisalo with a rebound.
9:55 of 3rd period - Snap shot by Kailer Yamamoto.
9:55 of 3rd period - Shot Blocked by Chad Ruhwedel.
9:57 of 3rd period - Slapshot by Travis Sanheim.
9:57 of 3rd period - Shot Blocked by Clayton Keller.
9:59 of 3rd period - Slapshot by Rasmus Andersson.
9:59 of 3rd period - Deflect By Kailer Yamamoto.
9:59 of 3rd period - Stopped by Joonas Korpisalo without a rebound.
10:00 of 3rd period - Casey Mittelstadt wins face-off versus Trevor Zegras in Vancouver Canucks zone.
10:00 of 3rd period - Casey Mittelstadt is hit by Brandon Montour.
10:06 of 3rd period - Slapshot by Clayton Keller.
10:06 of 3rd period - Shot Blocked by Artem Zub.
10:26 of 3rd period - Wrist shot by Matias Maccelli.
10:26 of 3rd period - Shot Misses the Net.
10:51 of 3rd period - Alexander Wennberg is hit by Anton Lundell.
11:13 of 3rd period - Snap shot by Thomas Novak.
11:13 of 3rd period - Shot Blocked by Ty Dellandrea.
11:15 of 3rd period - Slapshot by Artem Zub.
11:15 of 3rd period - Deflect By Thomas Novak.
11:15 of 3rd period - Stopped by Joonas Korpisalo with a rebound.
11:17 of 3rd period - Snap shot by Taylor Raddysh.
11:17 of 3rd period - Stopped by Joonas Korpisalo without a rebound.
11:18 of 3rd period - Casey Mittelstadt wins face-off versus Tage Thompson in Vancouver Canucks zone.
11:50 of 3rd period - Colton Sissons is hit by Miro Heiskanen and loses puck.
12:27 of 3rd period - Slapshot by Miro Heiskanen.
12:27 of 3rd period - Shot Blocked by Ben Chiarot.
12:29 of 3rd period - Wrist shot by Noah Hanifin.
12:29 of 3rd period - Stopped by Thatcher Demko with a rebound.
12:31 of 3rd period - Slapshot by Noah Hanifin.
12:31 of 3rd period - Deflect By Leo Carlsson.
12:31 of 3rd period - Stopped by Thatcher Demko with a rebound.
12:33 of 3rd period - Snap shot by Robby Fabbri.
12:33 of 3rd period - Stopped by Thatcher Demko without a rebound.
12:34 of 3rd period - Mikko Rantanen wins face-off versus Tage Thompson in Nashville Predators zone.
12:37 of 3rd period - Snap shot by Clayton Keller.
12:37 of 3rd period - Stopped by Thatcher Demko without a rebound.
12:38 of 3rd period - Casey Mittelstadt wins face-off versus Tage Thompson in Nashville Predators zone.
12:41 of 3rd period - Snap shot by Mikko Rantanen.
12:41 of 3rd period - Shot Blocked by Ben Chiarot.
13:43 of 3rd period - Minor Penalty to Ryan Hartman for Tripping.
13:44 of 3rd period - Casey Mittelstadt wins face-off versus Colton Sissons in Nashville Predators zone.
13:55 of 3rd period - Wrist shot by Casey Mittelstadt.
13:55 of 3rd period - Shot Blocked by Colton Sissons.
13:57 of 3rd period - Snap shot by Casey Mittelstadt.
13:57 of 3rd period - Shot Blocked by Artem Zub.
13:59 of 3rd period - Slapshot by Noah Hanifin.
13:59 of 3rd period - Shot Misses the Net.
14:15 of 3rd period - Artem Zub is hit by Mikko Rantanen and loses puck.
15:43 of 3rd period - Penalty to Ryan Hartman is over, Ryan Hartman is back on ice.
16:08 of 3rd period - Off-side.
16:09 of 3rd period - Aleksander Barkov wins face-off versus Ryan Hartman in neutral zone.
16:26 of 3rd period - Wrist shot by Thomas Novak.
16:26 of 3rd period - Stopped by Joonas Korpisalo with a rebound.
16:56 of 3rd period - Wrist shot by Connor Zary.
16:56 of 3rd period - Stopped by Thatcher Demko without a rebound.
16:57 of 3rd period - Anton Lundell wins face-off versus Ryan Hartman in Nashville Predators zone.
17:48 of 3rd period - Snap shot by Alex DeBrincat.
17:48 of 3rd period - Shot Hit the Post.
18:03 of 3rd period - Snap shot by Aku Raty.
18:03 of 3rd period - Stopped by Thatcher Demko with a rebound.
18:05 of 3rd period - Slapshot by Chad Ruhwedel.
18:05 of 3rd period - Shot Blocked by Ryan Hartman.
18:07 of 3rd period - Slapshot by Jacob Bernard-Docker.
18:07 of 3rd period - Shot Misses the Net.
18:09 of 3rd period - Snap shot by Aku Raty.
18:09 of 3rd period - Goal by Aku Raty - Nashville Predators : 1 - Vancouver Canucks : 2.
18:10 of 3rd period - Mikko Rantanen wins face-off versus Thomas Novak in neutral zone.
18:12 of 3rd period - Miro Heiskanen is hit by Artem Zub and loses puck.
18:42 of 3rd period - Timo Meier is hit by Artturi Lehkonen and loses puck.
19:03 of 3rd period - Artturi Lehkonen is hit by Timo Meier and loses puck.
19:06 of 3rd period - Nashville Predators, Thatcher Demko is pulled from the net.
19:14 of 3rd period - Slapshot by Colton Sissons.
19:14 of 3rd period - Stopped by Joonas Korpisalo with a rebound.
19:16 of 3rd period - Wrist shot by Timo Meier.
19:16 of 3rd period - Shot Misses the Net.
19:18 of 3rd period - Slapshot by Ryan Hartman.
19:18 of 3rd period - Stopped by Joonas Korpisalo with a rebound.
19:20 of 3rd period - Snap shot by Alex DeBrincat.
19:20 of 3rd period - Shot Misses the Net.
19:22 of 3rd period - Wrist shot by Alex DeBrincat.
19:22 of 3rd period - Stopped by Joonas Korpisalo with a rebound.
19:24 of 3rd period - Wrist shot by Alex DeBrincat.
19:24 of 3rd period - Stopped by Joonas Korpisalo without a rebound.
19:25 of 3rd period - Peter Laviolette call a timeout for Nashville Predators.
19:25 of 3rd period - Aleksander Barkov wins face-off versus Colton Sissons in Vancouver Canucks zone.
19:39 of 3rd period - Minor Penalty to Brett Leason for Holding.
19:40 of 3rd period - Aleksander Barkov wins face-off versus Alexander Wennberg in Vancouver Canucks zone.
Goals for this period are 0 for Nashville Predators vs 1 for Vancouver Canucks.
Shots for this period are 15 for Nashville Predators vs 16 for Vancouver Canucks.
Back to the Top